 Dungeon Crawl Stone Soup version 0.29-a0-1016-g236c7fd91e (webtiles) character file.

Game seed: 10263847864523518422

6 Manisian the Caller (level 1, -2/10 HPs)
             Began as a Deep Elf Summoner on Aug 9, 2022.
             Slain by a hobgoblin (5 damage)
             ... on level 1 of the Dungeon.
             The game lasted 00:00:56 (426 turns).

Manisian the Caller (Deep Elf Summoner)              Turns: 426, Time: 00:00:56

Health: -2/10      AC:  2    Str:  5    XL:     1   Next: 75%
Magic:  4/6        EV: 12    Int: 19    God:
Gold:   6          SH:  0    Dex: 15    Spells: 5/6 levels left

rFire   . . .      SeeInvis .   (no weapon)
rCold   . . .      Faith    .   (no shield)
rNeg    . . .      Spirit   .   a - +0 robe
rPois   .          Reflect  .   (no helmet)
rElec   .          Harm     .   (no cloak)
rCorr   .          Rampage  .   (no gloves)
Will    .....                   (no boots)
Stlth   ++........              (no amulet)
HPRegen 0.03/turn               (no ring)
MPRegen 0.10/turn               (no ring)

@: no status effects
A: no striking features
a: no special abilities


You were on level 1 of the Dungeon.
You visited 1 branch of the dungeon, and saw 2 of its levels.

You collected 6 gold pieces.

Inventory:

Armour
 a - a +0 robe (worn)
Scrolls
 c - a scroll of torment {unknown}
 d - a scroll of identify {unknown}
Potions
 b - a potion of magic


   Skills:
 + Level 2.4 Dodging
 + Level 2.4 Stealth
 + Level 3.1 Spellcasting
 + Level 4.7 Summonings


You had 5 spell levels left.
You knew the following spells:

 Your Spells              Type           Power      Damage    Failure   Level
a - Summon Small Mammal   Summ           80%        N/A       2%          1

Your spell library contained the following spells:

 Spells                   Type           Power      Damage    Failure   Level
 Call Imp                 Summ           20%        N/A       3%          2
 Call Canine Familiar     Summ           20%        N/A       6%          3
 Summon Guardian Golem    Hex/Summ       11%        N/A       17%         3
 Summon Lightning Spire   Summ/Air       11%        N/A       50%         4


Dungeon Overview and Level Annotations

Branches:
Dungeon (2/15)

Altars:


Message History

Found a sling.
Found a scroll labelled KASUICR NEIRE.
The goblin shouts!
You hear a shout!
A kobold comes into view. It is wielding a +0 short sword.
You hear a shout!
You see here a +0 sling.
Casting: Summon Small Mammal (safe; 2% risk of failure)
Confirm with . or Enter, or press ? or * to list all spells.
You hear an angry hiss.
Casting: Summon Small Mammal (safe; 2% risk of failure)
Confirm with . or Enter, or press ? or * to list all spells.
The goblin closely misses you.
Your rat closely misses the goblin.
You swap places.
A hobgoblin comes into view.
The goblin closely misses you.
Your rat bites the goblin.
You swap places.
Something hits your rat.
Your rat dies!
Your rat's corpse disappears in a puff of smoke!
The goblin hits your quokka with a +0 club.
Your quokka closely misses the goblin.
The goblin closely misses your quokka.
Your quokka bites the goblin.
The goblin dies!
The kobold closely misses you.
Your quokka bites the kobold.
Your quokka bites the kobold but does no damage.
The kobold hits you with a +0 short sword.
Your quokka completely misses the kobold.
Something hits the bush but does no damage.
The kobold hits you with a +0 short sword.
Your quokka barely misses the kobold.
Something hits the bush but does no damage.
The kobold hits you with a +0 short sword.
* * * LOW HITPOINT WARNING * * *
Your quokka bites the kobold.
The kobold dies!
Your quokka bites the hobgoblin.
Casting: Summon Small Mammal (safe; 2% risk of failure)
Confirm with . or Enter, or press ? or * to list all spells.
The hobgoblin hits you.
Ouch! That really hurt!
You die...

#.# #PP♣♣P..P #.#
#.P♣.P.#
##.#####.P.P#
#.....##...#
#.###.##.#### #.#
#....##.##
#.###.##.#.#.##
#.........###.###
###.####...#.r@r###.#
#.# #.##.###g)...#
#.# #.##....PP...#
#.# #.##.##P.♣♣♣.#
#.# ... #.♣P # ..#
..# #? .## #.. g. .
##


You could see a hobgoblin (ally target) and 2 friendly quokkas.

Vanquished Creatures
  A hobgoblin (D:1)
1 creature vanquished.

Vanquished Creatures (collateral kills)
  A giant cockroach (D:1)
  A goblin (D:1)
  A kobold (D:1)
  A bat (D:1)
4 creatures vanquished.

Grand Total: 5 creatures vanquished

Notes
Turn   | Place    | Note
-------+----------+-------------------------------------------
     0 | D:1      | Manisian the Deep Elf Summoner began the quest for the Orb.
     0 | D:1      | Reached XP level 1. HP: 10/10 MP: 6/6
    48 | D:1      | Found a faded altar of an unknown god.
    55 | D:1      | You fall into a shaft and drop 1 floor!
   426 | D:1      | Slain by a hobgoblin

Illustrated notes

Levels and vault maps discovered:
D:1:      wander_arrival_fairy_ring, layout_loops_ring,
          ebering_ecumenical_altar_sacrificial, serial_forest,
          infiniplex_forest_zigzag_1, infiniplex_forest_clump_large,
          infiniplex_forest_straight_1, infiniplex_forest_clump_small,
          infiniplex_forest_clump_double, infiniplex_forest_straight_1,
          chequers_serial_rivers_micro_c
D:2:      layout_basic, minmay_crystal_room, minmay_misc_feat_plants,
          bh_walls_and_bars

Action                   || total
-------------------------++-------
Melee: Unarmed           ||     7
 Cast: Summon Small Mamm ||    10
Armor: Robe              ||    10
Dodge: Dodged            ||    28

Table legend: (Time is in decaauts)
 A = Elapsed time spent in this place.
 B = Non-inter-level travel time spent in this place.
 C = Inter-level travel time spent in this place.
 D = Time resting spent in this place.
 E = Time spent auto-exploring this place.
 F = Levels seen in this place.
 G = Mean time per level.
                   A        B        C        D        E       F      G
               +--------+--------+--------+--------+--------+-----+--------+
         Total |    425 |    425 |      0 |      0 |    302 |   2 |  212.5 |
       Dungeon |    425 |    425 |      0 |      0 |    302 |   2 |  212.5 |
               +--------+--------+--------+--------+--------+-----+--------+

Top non-repeatable levels by time:
     D:1: 371 daAuts
     D:2: 53 daAuts
